 Dungeon Crawl Stone Soup version 0.18.1-48-g4cf74bf (webtiles) character file.

136 Goblin1989 the Charlatan (level 4, -1/33 HPs)
             Began as a Demonspawn Artificer on Aug 2, 2016.
             Slain by a worm (3 damage)
             ... on level 3 of the Dungeon.
             The game lasted 00:13:10 (3471 turns).

Goblin1989 the Charlatan (Demonspawn Artificer)     Turns: 3471, Time: 00:13:10

Health: -1/33      AC:  5    Str: 10 (13) XL:     4   Next: 98%
Magic:  6/6        EV: 10    Int: 15 (16) God:
Gold:   114        SH:  0    Dex: 10 (13) Spells: 0 memorised, 3 levels left

rFire  + . .     SeeInvis .     i - +0 club
rCold  . . .     Gourm    .     v - +0 ring mail
rNeg   . . .     Faith    .     (no shield)
rPois  .         Spirit   .     (helmet restricted)
rElec  .         Dismiss  .     (no cloak)
rCorr  .         Reflect  .     (no gloves)
SustAt .         Harm     +     (no boots)
MR     .....                    h - amulet of harm
Stlth  +.........               (no ring)
                                j - +3 ring of intelligence

@: not resistant to hostile enchantments, very unstealthy
A: horns 1, talons 1, fire resistance 1, mutation resistance 1
a: no special abilities


You were on level 3 of the Dungeon.
You were hungry.

You visited 1 branch of the dungeon, and saw 3 of its levels.

You collected 114 gold pieces.

Inventory:

Hand Weapons
 a - a +0 short sword
 i - a +0 club (weapon)
Armour
 v - a +0 ring mail (worn)
Jewellery
 h - an amulet of harm (around neck)
 j - a +3 ring of intelligence (left hand)
 l - an uncursed amulet of magic regeneration {unknown}
 n - an uncursed ring of fire
Wands
 c - a wand of flame (0/48)
 d - a wand of enslavement (0/24)
 e - a wand of random effects (15/48)
 o - a wand of acid (6/15)
Scrolls
 m - a scroll of immolation {unknown}
 p - a scroll of amnesia {unknown}
 q - a scroll of enchant weapon {unknown}
 r - a scroll of fog {unknown}
 s - 2 scrolls of remove curse {unknown}
 t - 3 scrolls of identify {unknown}
Potions
 b - a potion of magic {unknown}
 g - 3 potions of heal wounds
 k - 2 potions of brilliance
Comestibles
 f - 2 bread rations


   Skills:
 - Level 2.2 Fighting
 - Level 0.8 Short Blades
 - Level 2.4 Maces & Flails
 - Level 1.7 Dodging
 - Level 0.8 Stealth
 * Level 1.8 Unarmed Combat
 + Level 3.6 Evocations


You had 3 spell levels left.
You didn't know any spells.

Dungeon Overview and Level Annotations

Branches:
Dungeon (3/15)

Altars:
Elyvilon
Yredelemnul


Innate Abilities, Weirdness & Mutations

You have a pair of small horns on your head.
You have sharp toenails.
Your flesh is heat resistant.
You are somewhat resistant to further mutation.


Message History

You hit the worm.
The worm is moderately wounded.
The worm bites you.
* * * LOW HITPOINT WARNING * * *
You take 5 damage, and have 6/33 hp.
You hit the worm. You claw the worm, but do no damage.
Your headbutt misses the worm.
The worm is heavily wounded.
The worm closely misses you.
You hit the worm but do no damage.
The worm is moderately wounded.
You hit the worm but do no damage.
The worm is moderately wounded.
The worm bites you.
* * * LOW HITPOINT WARNING * * *
You take 5 damage, and have 2/33 hp.
You hit the worm. You claw the worm, but do no damage. You headbutt the worm.
The worm is heavily wounded.
The worm bites you.
You die...

###....# ###.# .....
.#.....## #...# .....
........## #.#########.....
.........####.# #..........
.†.......#....# #.....w...#
.............## #.......#
.........#.#.### #.g.(...###
.........#.....#####).......
.........#......@w.).#######
.........[.....#######
...............#
####...........#
#...........# ##.........##
##...#...## #########


You could see a worm.

Vanquished Creatures
  An orc wizard (D:3)
  4 adders
  An ooze (D:1)
  2 worms (D:2)
  A dart slug (D:2)
  2 giant geckos
  A giant cockroach (D:2)
  10 goblins
  5 hobgoblins (D:2)
  2 jackals (D:2)
  6 kobolds
  A quokka (D:2)
  A ball python (D:2)
  7 bats
  2 giant newts
  7 rats
  A spectral orc (D:2)
54 creatures vanquished.

Vanquished Creatures (collateral kills)
  A gnoll (D:3)
  2 jackals (D:2)
  2 rats
5 creatures vanquished.

Vanquished Creatures (others)
  2 gnolls (D:3)
  3 orcs (D:3)
  A goblin (D:3)
  3 jackals (D:2)
9 creatures vanquished.

Grand Total: 68 creatures vanquished

Notes
Turn   | Place    | Note
--------------------------------------------------------------
     0 | D:1      | Goblin1989 the Demonspawn Artificer began the quest for the Orb.
     0 | D:1      | Reached XP level 1. HP: 15/15 MP: 3/3
   248 | D:1      | Gained mutation: You have sharp toenails. [demonic ancestry]
   248 | D:1      | Reached XP level 2. HP: 20/22 MP: 4/4
   421 | D:1      | Reached skill level 1 in Maces & Flails
   733 | D:2      | Gained mutation: Your flesh is heat resistant. [demonic ancestry]
   733 | D:2      | Reached XP level 3. HP: 23/27 MP: 5/5
   878 | D:2      | Found a white marble altar of Elyvilon.
  1996 | D:2      | Gained mutation: You have a pair of small horns on your head. [demonic ancestry]
  1996 | D:2      | Reached XP level 4. HP: 20/33 MP: 6/6
  2907 | D:2      | Found a basalt altar of Yredelemnul.
  3044 | D:3      | Reached skill level 1 in Unarmed Combat
  3298 | D:3      | Gained mutation: You are somewhat resistant to further mutation. [potion of mutation]
  3471 | D:3      | Slain by a worm

Skill      XL: |  1  2  3  4 |
---------------+-------------+-----
Fighting       | 2 |  2.2
Maces & Flails | 1 2 |  2.4
Unarmed Combat | 1 |  1.8
Short Blades   | |  0.8
Dodging        | |  1.7
Stealth        | |  0.8
Evocations     | |  3.6

Action                   |  1- 3 |  4- 6 || total
-------------------------+-------+-------++-------
Melee: Short sword       |    40 |       ||    40
       Club              |   102 |    89 ||   191
       Kick              |    25 |    24 ||    49
       Headbutt          |       |    10 ||    10
Evoke: Wand              |    15 |    15 ||    30
  Use: Potion            |       |     4 ||     4
 Stab: Sleeping          |     1 |     1 ||     2
       Distracted        |     1 |       ||     1
  Eat: Chunk             |     3 |       ||     3
       Bread ration      |       |     1 ||     1
Armor: Leather armour    |    44 |    21 ||    65
       Ring mail         |       |    11 ||    11
Dodge: Dodged            |    96 |    71 ||   167
